 Dungeon Crawl Stone Soup version 0.26-a0-667-g92642533e4 (webtiles) character file.

Game seed: 8414849420814076365

206020 ringo67 the Brawler (level 18, -1/169 HPs)
             Began as a Troll Monk on Oct 17, 2020.
             Was a High Priest of Hepliaklqana.
             Hit by a javelin thrown by a merfolk javelineer (15 damage)
             ... on level 4 of the Shoals.
             The game lasted 01:48:32 (37069 turns).

ringo67 the Brawler (Troll Monk)                   Turns: 37069, Time: 01:48:32

Health: -1/169     AC: 17    Str: 36    XL:     18   Next: 5%
Magic:  20/20      EV: 14    Int:  6    God:    Hepliaklqana [*****.]
Gold:   3494       SH: 26    Dex: 12    Spells: 17/17 levels left

rFire    . . .     SeeInvis .     - Unarmed
rCold    + + .     Faith    .   S - +0 tower shield
rNeg     . . .     Spirit   .   M - +0 steam dragon scales
rPois    .         Reflect  +   O - +2 hat {MR+}
rElec    .         Harm     .   F - +1 cloak
rCorr    .         Rampage  .   (gloves unavailable)
MR       ++...                  (boots unavailable)
Stlth    ++........             A - amulet "Awidar" {Reflect Slay+3 SH+5}
HPRegen  0.78/turn              V - ring "Hureytim" {rC++ Str+6}
MPRegen  0.17/turn              w - +4 ring of protection

@: hasted and slowed
A: large, unfitting armour, reduced essence, claws 3, regeneration 1, shaggy fur
1, tough skin 3
}: 1/15 runes: gossamer
a: Recall Ancestor, Ancestor Identity, Transference, Idealise, Renounce Religion


You were on level 4 of the Shoals.
You worshipped Hepliaklqana.
Hepliaklqana was extremely pleased with you.
You visited 6 branches of the dungeon, and saw 32 of its levels.
You also visited: Trove and Gauntlet.

You collected 3899 gold pieces.
You spent 405 gold pieces at shops.

Inventory:

Missiles
 h - 107 poisoned darts
 m - 6 curare-tipped darts
 y - 12 silver boomerangs
 E - 3 throwing nets
 Q - 78 large rocks (quivered)
 T - 23 javelins
Armour
 q - a scarf of invisibility
 D - the -2 hat of the Alchemist {rElec rPois rF+ rC+ rN+ MR+ rMut rCorr}
   (You acquired it on level 15 of the Dungeon)

   It protects you from fire.
   It protects you from cold.
   It insulates you from electricity.
   It protects you from poison.
   It protects you from negative energy.
   It affects your resistance to hostile enchantments.
   It provides partial protection from all sources of acid and corrosion.
   It protects you from mutation.
 F - a +1 cloak (worn)
 M - +0 steam dragon scales (worn)
 O - a +2 hat of magic resistance (worn)
 S - a +0 tower shield (worn)
Jewellery
 o - an uncursed ring of protection from cold
 w - a +4 ring of protection (right claw)
 A - the amulet "Awidar" (around neck) {Reflect Slay+3 SH+5}
   (You found it in a treasure trove)

   [amulet of reflection]

   It shields you and reflects attacks.
   It affects your accuracy and damage with ranged weapons and melee attacks
   (+3).
   It affects your SH (+5).
 K - a +4 ring of evasion
 V - the ring "Hureytim" (left claw) {rC++ Str+6}
   (You found it in a treasure trove)

   [ring of strength]

   It affects your strength (+6).
   It greatly protects you from cold.
 Y - an uncursed ring of resist corrosion
Wands
 r - a wand of polymorph (17)
 I - a wand of flame (134)
 J - a wand of iceblast (29)
 N - a wand of acid (28)
 U - a wand of paralysis (23)
Scrolls
 a - a scroll of silence
 f - 11 scrolls of teleportation
 g - 3 scrolls of identify
 i - 3 scrolls of fog
 j - 13 scrolls of remove curse
 k - 6 scrolls of enchant armour
 s - 4 scrolls of magic mapping
 t - 12 scrolls of immolation
 B - 8 scrolls of amnesia
 R - 3 scrolls of vulnerability
Potions
 b - 7 potions of lignification
 c - 2 potions of stabbing
 d - a potion of might
 e - 5 potions of brilliance
 l - 3 potions of invisibility
 n - a potion of flight
 p - 17 potions of curing
 u - 8 potions of haste
 v - 3 potions of berserk rage
 z - 6 potions of magic
 H - 6 potions of mutation
 L - a potion of resistance
 P - 11 potions of ambrosia
Miscellaneous
 x - a condenser vane (2/2)


   Skills:
 + Level 13.7 Fighting
 - Level 10.0 Throwing
 - Level 3.5 Armour
 - Level 10.2 Dodging
 - Level 1.0 Stealth
 + Level 11.1 Shields
 + Level 20.2 Unarmed Combat
 - Level 4.0 Invocations
 + Level 5.1 Evocations


You had 17 spell levels left.
You didn't know any spells.
Your spell library contained the following spells:

 Spells                   Type           Power        Failure   Level
 Apportation              Tloc           #.....       75%         1
 Magic Dart               Conj           #...         75%         1
 Sting                    Tmut/Pois      #...         75%         1
 Blink                    Tloc           N/A          86%         2
 Call Imp                 Summ           #.......     86%         2
 Poisonous Vapours        Pois/Air       #.....       86%         2
 Slow                     Hex            #.......     86%         2
 Conjure Flame            Conj/Fire      #.......     98%         3
 Ignite Poison            Fire/Tmut/Pois #.......     98%         3
 Lesser Beckoning         Tloc           #.........   98%         3
 Mephitic Cloud           Conj/Pois/Air  #.......     98%         3
 Tukima's Dance           Hex            #.......     98%         3
 Cause Fear               Hex            #.........   100%        4
 Olgreb's Toxic Radiance  Pois           #.......     100%        4
 Alistair's Intoxication  Tmut/Pois      #........    100%        5
 Silence                  Hex/Air        #.........   100%        5
 Yara's Violent Unravell  Hex/Tmut       #.........   100%        5
 Invisibility             Hex            #.......     100%        6
 Spellforged Servitor     Conj/Summ      #.........   100%        7
 Discord                  Hex            #.........   100%        8
 Shatter                  Erth           #.........   100%        9


Dungeon Overview and Level Annotations

Branches:
Dungeon (15/15)            Temple (1/1) D:7            Lair (6/6) D:8
 Shoals (4/4) Lair:4       Spider (4/4) Lair:4        Slime (0/5) Lair:6
    Orc (2/2) D:9             Elf (0/3) Orc:2        Vaults (0/5) D:13
 Depths (0/5) D:15        Gauntlet (visited)

Altars:
Ashenzari
Cheibriados
Dithmenos
Elyvilon
Fedhas
Gozag
Hepliaklqana
Kikubaaqudgha
Makhleb
Nemelex Xobeh
Okawaru
Qazlal
Ru
Sif Muna
Trog
Uskayaw
Vehumet
Wu Jian
Xom
Yredelemnul
Zin
The Shining One
Beogh

Shops:
D:7 *   D:11 (   D:12 (   D:13 }   Orc:2 *}*([(?*[   Shoals:2 }

Portals:
Ice
Cave: Shoals:4

Annotations:
D:13 1 runed translucent door
Lair:3 exclusion: oklob plant
Shoals:4 exclusion: 2 ice statues
Spider:2 2 transporters, Aviun's ghost, adept SpEn


Innate Abilities, Weirdness & Mutations

You are too large for most types of armour.
You have claws for hands.
Your natural rate of healing is unusually fast.
You are covered in fur. (AC +1)
You have extremely tough skin. (AC +3)
Your life essence is reduced to manifest your ancestor. (-10% HP)


Message History

The merfolk impaler hits you from afar with a +1 trident of protection.
* * * LOW HITPOINT WARNING * * *
The merfolk javelineer throws a javelin.
The javelin pierces through you!!
* * * LOW HITPOINT WARNING * * *
You hear a splash.
Trololo gestures at the merfolk impaler while chanting.
The merfolk impaler resists with some effort.
You block the merfolk impaler's attack.
You feel yourself speed up.
The merfolk javelineer throws a javelin.
The javelin completely misses you.
The javelin pierces through the dream sheep!!
The dream sheep dies!
You hear a splash.
Trololo hits the merfolk impaler with a +0 dagger of draining!
Trololo drains the merfolk impaler.
You block the merfolk impaler's attack.
The merfolk javelineer throws a javelin.
The javelin pierces through you!
You die...

≈≈≈≈≈≈≈≈....≈.≈...§≈≈≈≈≈≈≈.≈≈≈≈,,
≈≈≈≈≈≈≈...........§..≈≈≈≈≈≈≈≈≈≈,,
,≈≈≈P....$...........≈≈≈≈≈≈≈≈≈**,
*.P..≈...###...##....≈≈≈≈≈≈≈≈≈***
*,..≈..##* ###..##...≈≈≈≈≈≈≈≈**,,
*,,PPP.**** #.†≈##...≈≈≈≈≈≈**,,,
,,,PP.,,,,*###..##*..≈≈≈≈≈≈≈≈*,,*
,,,,,,,,,.##....###)≈.≈≈≈≈≈≈***≈,
,,,,,,,,P......m@.†≈≈≈(≈,,,,**≈,*
,,**<,,,≈.....≈..R≈≈≈≈≈≈,,,,**,,,
,**,,,,,≈......≈.m.≈≈≈≈.,,,,***,*
,,,,,,,,....≈≈≈≈≈≈.≈≈≈≈.,,,,,,***
,,,,,,,≈.≈≈≈≈≈≈≈≈≈≈≈≈≈≈.,,,,,,,*,
,,≈≈,,≈≈≈≈≈≈≈≈≈≈≈≈≈≈≈≈≈.,,,,,,,,,
,,≈≈≈≈≈≈≈≈≈≈≈≈≈≈≈≈≈≈≈≈..,,,,,,,,,
,≈≈≈≈≈≈≈≈≈≈≈≈≈≈≈≈≈≈≈≈...,,,,,,,,,
≈≈≈≈≈≈≈≈≈≈≈≈≈≈≈≈≈≈≈≈≈,,,,,,,,≈≈≈≈


You could see the friendly Trololo the hexer, a merfolk impaler (drained) and a
merfolk javelineer.

Vanquished Creatures
  Arachne (Spider:3)
  Polyphemus (Shoals:2)
  Agnes (Spider:3)
  2 ghost moths (Spider:4)
  8 emperor scorpions
  2 entropy weavers
  7 spark wasps
  A minotaur (Gauntlet)
  An ettin (Orc:1)
  Josephine (Lair:6)
  2 merfolk impalers (Shoals:3)
  2 ogre magi (Orc:2)
  A fire dragon (Lair:6)
  6 hydras
  5 boulder beetles
  3 centaur warriors
  An alligator snapping turtle (Shoals:3)
  4 vault guards (D:13)
  2 satyrs
  A catoblepas (Lair:3)
  10 two-headed ogres
  4 merfolk aquamancers (Shoals:3)
  A tengu warrior (D:14)
  10 death yaks
  The ghost of grandjackal the Skirmisher, a novice DsGl of Trog (D:7)
  A skeletal warrior (D:11)
  6 sea snakes
  An unseen horror (D:12)
  2 deep trolls (Orc:1)
  A swamp dragon (Lair:6)
  4 harpies (Shoals:1)
  2 orc knights
  A necromancer (D:11)
  20 orb spiders
  28 wolf spiders
  9 cyclopes
  8 fauns
  4 ugly things (D:15)
  2 deep elf magi
  2 moths of wrath (Spider:4)
  A wolf spider zombie (D:14)
  8 manticores
  5 water nymphs
  8 elephants
  2 black mambas
  6 merfolk sirens
  Joseph (D:7)
  8 cane toads
  Maggie (D:10)
  3 torpor snails
  A rime drake (Lair:3)
  A tengu conjurer (Gauntlet)
  An efreet (D:14)
  19 demonic crawlers
  12 trolls
  13 komodo dragons
  9 merfolk
  33 jumping spiders
  A queen bee (Lair:5)
  7 wind drakes
  Grinder (D:4)
  5 hornets (Spider:4)
  2 meliai (Lair:5)
  4 polar bears
  2 snapping turtles
  17 slime creatures
  A meliai zombie (D:14)
  16 dream sheep
  A snapping turtle (shapeshifter) (D:15)
  Sigmund (D:2)
  A shadow (D:15)
  A tarantella (shapeshifter) (D:15)
  7 water elementals
  37 tarantellas
  5 wraiths
  96 redbacks
  Eustachio (D:6)
  4 wyverns
  31 yaks
  A large abomination (Gauntlet)
  9 basilisks
  A hog (Shoals:4)
  A vampire mosquito (Spider:3)
  2 steam dragons (Lair:6)
  A small abomination (Gauntlet)
  4 wargs
  A soldier ant (D:14)
  3 water moccasins
  2 acid dragons
  3 hornet zombies
  3 swamp drakes (Lair:6)
  18 orc warriors
  A black bear (shapeshifter) (D:11)
  An eye of draining (shapeshifter) (D:15)
  An ice beast (D:6)
  A phantom (D:14)
  5 sky beasts
  2 black bears (D:11)
  2 necrophages
  20 centaurs
  25 ogres
  4 boggarts (D:15)
  12 wolves
  3 big kobolds
  Blork the orc (D:4)
  15 bullfrogs
  3 wyvern zombies
  A wyvern skeleton (D:13)
  6 scorpions
  A water moccasin skeleton (D:8)
  34 killer bees
  20 wights
  3 howler monkeys
  An electric eel (Spider:4)
  2 hexers
  8 jellies
  8 hounds
  12 orc priests
  5 centaur skeletons
  23 orc wizards
  2 bullfrog skeletons
  9 iguanas
  10 worker ants
  2 hell rats (Lair:5)
  A hound skeleton (D:7)
  A worker ant zombie (D:9)
  A howler monkey skeleton (D:4)
  16 adders
  4 river rats (Lair:5)
  3 shadow imps
  8 white imps
  An ufetubus (D:7)
  An ooze (D:1)
  2 adder skeletons
  3 worms
  7 leopard geckos
  75 orcs
  5 giant cockroaches
  6 goblins
  7 hobgoblins
  14 jackals
  18 kobolds
  6 quokkas
  A ball python (D:3)
  7 bats
  5 frilled lizards
  A quokka zombie (D:5)
  4 rats
1031 creatures vanquished.

Vanquished Creatures (collateral kills)
  Kirke (Shoals:4)
  A merfolk impaler (Shoals:4)
  2 hydras
  A catoblepas (Shoals:2)
  A death yak (Lair:4)
  An unseen horror (D:12)
  A sea snake (Shoals:2)
  An orc sorcerer (Orc:2)
  A wolf spider (Spider:4)
  3 ugly things (D:15)
  2 orb spiders
  A manticore (Shoals:3)
  An elephant (Lair:6)
  3 merfolk sirens
  A cane toad (Lair:2)
  A water nymph (Shoals:4)
  2 trolls
  A tengu conjurer (Gauntlet)
  3 merfolk
  A meliai (Lair:5)
  4 jumping spiders
  A hornet (D:11)
  A raiju (shapeshifter) (D:15)
  2 dream sheep
  A snapping turtle (Shoals:3)
  4 redbacks
  A wraith (Lair:6)
  2 yaks (D:9)
  A tarantella (Spider:2)
  A basilisk (Lair:6)
  A water moccasin (Lair:3)
  A swamp drake (Lair:6)
  A black bear (Lair:2)
  An orc warrior (Orc:2)
  An ice beast (D:8)
  An ogre (D:9)
  4 wolves
  A bullfrog (D:15)
  A scorpion (D:10)
  2 killer bees
  A wight (D:9)
  An electric eel (Spider:4)
  A bullfrog zombie (D:8)
  A quasit (D:6)
  A hound (D:13)
  2 centaur skeletons (D:10)
  An orc priest (D:7)
  An iguana (Lair:6)
  2 worker ants
  3 orc wizards
  A river rat (Lair:5)
  A leopard gecko (D:7)
  7 orcs
  A jackal (D:6)
  4 kobolds
  A rat (Lair:5)
90 creatures vanquished.

Vanquished Creatures (others)
  A manticore (Shoals:3)
  6 dream sheep
  2 redbacks (Spider:1)
  A basilisk (Lair:6)
  A vampire mosquito (Spider:3)
  35 hexers
  2 iguanas (Lair:6)
  A rat (Lair:5)
  22 fungi
  50 plants
121 creatures vanquished.

Grand Total: 1242 creatures vanquished

Notes
Turn   | Place    | Note
-------+----------+-------------------------------------------
     0 | D:1      | ringo67 the Troll Monk began the quest for the Orb.
     0 | D:1      | Reached XP level 1. HP: 22/22 MP: 0/0
   243 | D:1      | Reached XP level 2. HP: 29/29 MP: 1/1
   264 | D:1      | Found a broken altar of Ashenzari.
  1021 | D:2      | Noticed Sigmund
  1041 | D:2      | Killed Sigmund
  1041 | D:2      | Reached skill level 4 in Unarmed Combat
  1041 | D:2      | Reached XP level 3. HP: 16/37 MP: 2/2
  1041 | D:2      | Reached XP level 4. HP: 20/45 MP: 3/3
  1041 | D:2      | Reached XP level 5. HP: 23/53 MP: 4/4
  1602 | D:2      | You fall into a shaft and drop 1 floor!
  1610 | D:3      | Reached skill level 5 in Unarmed Combat
  1610 | D:3      | Reached XP level 6. HP: 57/61 MP: 5/5
  2838 | D:4      | Noticed Blork the orc
  2851 | D:4      | Killed Blork the orc
  2880 | D:4      | Noticed Grinder
  2890 | D:4      | Killed Grinder
  2890 | D:4      | Reached skill level 6 in Unarmed Combat
  2890 | D:4      | Reached XP level 7. HP: 52/70 MP: 6/6
  3308 | D:4      | Reached skill level 7 in Unarmed Combat
  3485 | D:5      | Entered Level 5 of the Dungeon
  3530 | D:5      | Reached XP level 8. HP: 79/79 MP: 7/7
  3811 | D:5      | Reached skill level 5 in Fighting
  3871 | D:5      | Reached skill level 5 in Dodging
  3871 | D:5      | Reached skill level 8 in Unarmed Combat
  3967 | D:5      | Found a runed translucent door.
  4977 | D:5      | Found a roughly hewn altar of Beogh.
  5034 | D:6      | Noticed a dream sheep
  5034 | D:6      | Noticed a dream sheep
  5034 | D:6      | Noticed a dream sheep
  5034 | D:6      | Noticed a dream sheep
  5034 | D:6      | Noticed a dream sheep
  5034 | D:6      | Found a shimmering altar of Xom.
  5038 | D:6      | Killed a dream sheep
  5039 | D:6      | Killed a dream sheep
  5039 | D:6      | Killed a dream sheep
  5039 | D:6      | Killed a dream sheep
  5042 | D:6      | Reached XP level 9. HP: 88/88 MP: 8/8
  5060 | D:6      | Noticed Eustachio
  5090 | D:6      | Killed Eustachio
  5090 | D:6      | Reached skill level 9 in Unarmed Combat
  5174 | D:7      | Found a staircase to the Ecumenical Temple.
  5190 | Temple   | Entered the Ecumenical Temple
  5356 | Temple   | Became a worshipper of Hepliaklqana the Forgotten
  5356 | Temple   | Reached * piety under Hepliaklqana
  5356 | Temple   | Reached ** piety under Hepliaklqana
  5358 | Temple   | Remembered your ancestor Trololo as a hexer
  6079 | D:7      | Found a runed translucent gate.
  6080 | D:7      | Found a runed translucent gate.
  6080 | D:7      | Noticed grandjackal's ghost (novice DsGl)
  6081 | D:7      | Found a runed translucent gate.
  6087 | D:7      | Found a roughly hewn altar of Beogh.
  6124 | D:7      | Noticed Joseph
  6133 | D:7      | Killed Joseph
  6133 | D:7      | Reached skill level 10 in Unarmed Combat
  6644 | D:7      | Found Bymagh's Assorted Antiques.
  6649 | D:7      | Bought an embroidered cloak for 217 gold pieces
  6681 | D:7      | Reached *** piety under Hepliaklqana
  6714 | D:7      | Reached XP level 10. HP: 89/90 MP: 9/9
  6986 | D:7      | Killed grandjackal's ghost
  7093 | D:8      | Reached skill level 11 in Unarmed Combat
  7292 | D:8      | Found a shadowy altar of Dithmenos.
  7592 | D:8      | Found a staircase to the Lair.
  8347 | D:9      | Reached skill level 12 in Unarmed Combat
  8471 | D:9      | Found a staircase to the Orcish Mines.
  8487 | D:9      | Reached XP level 11. HP: 98/98 MP: 10/10
  8594 | D:9      | Reached **** piety under Hepliaklqana
  8598 | D:9      | Found an opulent altar of Gozag.
  9274 | D:10     | Entered Level 10 of the Dungeon
  9313 | D:10     | Found a sparkling altar of Nemelex Xobeh.
  9466 | D:10     | Noticed Maggie
  9481 | D:10     | Killed Maggie
  9484 | D:10     | Noticed a two-headed ogre
  9501 | D:10     | Killed a two-headed ogre
  9666 | D:10     | Reached ***** piety under Hepliaklqana
 10058 | Lair:1   | Entered Level 1 of the Lair of Beasts
 10088 | Lair:1   | Reached skill level 1 in Armour
 10236 | Lair:1   | Reached skill level 13 in Unarmed Combat
 10663 | Lair:2   | Noticed a six-headed hydra
 10861 | Lair:2   | Reached skill level 1 in Throwing
 11288 | Lair:2   | Killed a six-headed hydra
 11877 | Lair:3   | Reached XP level 12. HP: 109/109 MP: 11/11
 12155 | Lair:3   | Noticed a six-headed hydra
 12170 | Lair:3   | Reached ****** piety under Hepliaklqana
 12190 | Lair:3   | Noticed a catoblepas
 12205 | Lair:3   | Killed a catoblepas
 12502 | Lair:3   | Killed a six-headed hydra
 12854 | Lair:4   | Found a hole to the Spider Nest.
 12879 | Lair:4   | Found a staircase to the Shoals.
 12946 | Lair:4   | Reached skill level 1 in Shields
 12954 | Lair:4   | Reached skill level 5 in Throwing
 12960 | Lair:4   | Noticed a death yak
 12962 | Lair:4   | Noticed a death yak
 12968 | Lair:4   | Noticed a death yak
 12969 | Lair:4   | Noticed a death yak
 12971 | Lair:4   | Noticed a death yak
 12978 | Lair:4   | Noticed a death yak
 13006 | Lair:3   | Killed a death yak
 13265 | Lair:4   | Killed a death yak
 13720 | Lair:4   | Killed a death yak
 13725 | Lair:4   | Killed a death yak
 13735 | Lair:4   | Killed a death yak
 13739 | Lair:4   | Killed a death yak
 13739 | Lair:4   | Reached skill level 14 in Unarmed Combat
 14092 | Lair:5   | Noticed a seven-headed hydra
 14093 | Lair:5   | Noticed a four-headed hydra
 14093 | Lair:5   | Noticed a seven-headed hydra
 14153 | Lair:5   | Reached XP level 13. HP: 117/117 MP: 12/12
 15238 | Lair:5   | Reached skill level 1 in Invocations
 16020 | Lair:6   | Entered Level 6 of the Lair of Beasts
 16221 | Lair:6   | Reached skill level 10 in Fighting
 16481 | Lair:6   | Noticed a fire dragon
 16495 | Lair:6   | Killed a fire dragon
 16549 | Lair:6   | Reached skill level 5 in Shields
 16639 | Lair:6   | Found a staircase to the Slime Pits.
 16815 | Lair:6   | Noticed Josephine
 16853 | Lair:5   | Reached skill level 1 in Evocations
 16910 | Lair:6   | Killed Josephine
 17430 | Orc:1    | Entered Level 1 of the Orcish Mines
 17958 | Orc:2    | Entered Level 2 of the Orcish Mines
 17958 | Orc:2    | Found Uzuc's Assorted Antiques.
 18137 | Orc:2    | Found Uvaeguin's Gadget Boutique.
 18139 | Orc:2    | Found a staircase to the Elven Halls.
 18175 | Orc:2    | Found Kuxkupeh's Assorted Antiques.
 18320 | Orc:2    | Reached XP level 14. HP: 112/129 MP: 16/16
 18591 | Orc:2    | Found Gyiwul's Armour Emporium.
 18871 | Orc:2    | Reached skill level 15 in Unarmed Combat
 18878 | Orc:2    | Paralysed by an ogre mage for 4 turns
 19197 | Orc:2    | Found Jidum's Assorted Antiques.
 19698 | Orc:2    | Found Faony's Antique Weapon Boutique.
 19699 | Orc:2    | Found Etarhest's Antique Weapon Emporium.
 19708 | Orc:2    | Found Orim Qya's Magic Scroll Shoppe.
 19745 | Orc:2    | Found Heyved's Antique Armour Shoppe.
 19969 | Orc:2    | Bought a bloodstained robe for 188 gold pieces
 19969 | Orc:2    | Identified the cursed +1 robe "Konoogonuf" {Str+3} (You
                  | bought it in a shop on level 2 of the Orcish Mines)
 20317 | D:11     | Found Mauf's Antique Weapon Emporium.
 20372 | D:11     | Found a gate leading to a gauntlet.
 20376 | Gauntlet | Entered a Gauntlet
 20376 | Gauntlet | Found a transporter.
 20376 | Gauntlet | Found a transporter.
 20380 | Gauntlet | Found a transporter.
 20383 | Gauntlet | Found a transporter.
 20384 | Gauntlet | Found a transporter.
 20384 | Gauntlet | Found a transporter.
 20417 | Gauntlet | Found a transporter.
 20421 | Gauntlet | Found a transporter.
 20433 | Gauntlet | Found a transporter.
 20449 | Gauntlet | Found a transporter.
 20464 | Gauntlet | Found a transporter.
 20476 | Gauntlet | Found a transporter.
 21444 | D:11     | Identified a scroll of acquirement
 21445 | D:11     | Acquired a manual of Unarmed Combat
 22048 | D:12     | Found Isurph's Weapon Shoppe.
 22723 | D:13     | Reached skill level 16 in Unarmed Combat
 22966 | D:13     | Found a gate to the Vaults.
 23005 | D:13     | Reached XP level 15. HP: 79/138 MP: 17/17
 23246 | D:13     | Found a portal to a secret trove of treasure.
 23407 | D:13     | Found a glowing silver altar of Zin.
 23408 | D:13     | Found a runed translucent door.
 23547 | D:13     | Found Juidi's Gadget Emporium.
 23759 | Trove    | Entered a treasure trove
 23771 | Trove    | Got a flickering sapphire amulet
 23775 | Trove    | Got a scorched platinum ring
 23791 | Trove    | Identified the amulet "Iriwai" {Acrobat Str-4 Int+4 Dex+3}
                  | (You found it in a treasure trove)
 23792 | Trove    | Identified the ring "Hureytim" {rC++ Str+6} (You found it
                  | in a treasure trove)
 23961 | Trove    | Identified the amulet "Tolanau" {Acrobat rElec MR+} (You
                  | found it in a treasure trove)
 23982 | Trove    | Got a faintly glowing wooden ring
 23983 | Trove    | Identified the ring of Wikidesch {rC++ Stlth+} (You found
                  | it in a treasure trove)
 23986 | Trove    | Got an ancient bone amulet
 23987 | Trove    | Identified the amulet "Awidar" {Reflect Slay+3 SH+5} (You
                  | found it in a treasure trove)
 24010 | Trove    | Got a brightly glowing granite ring
 24011 | Trove    | Identified the ring of Xom's Wantonness {Ice Dex+4} (You
                  | found it in a treasure trove)
 25004 | D:14     | Reached skill level 17 in Unarmed Combat
 25384 | D:15     | Entered Level 15 of the Dungeon
 25399 | D:15     | Identified the cursed +0 robe of Duty {rElec} (You found it
                  | on level 15 of the Dungeon)
 25787 | D:15     | Acquired the -2 hat of the Alchemist {rElec rPois rF+ rC+
                  | rN+ MR+ rMut rCorr}
 25788 | D:15     | Found the -2 hat of the Alchemist {rElec rPois rF+ rC+ rN+
                  | MR+ rMut rCorr}
 25867 | D:15     | Found a staircase to the Depths.
 26360 | Spider:1 | Entered Level 1 of the Spider Nest
 26827 | Spider:1 | Reached skill level 18 in Unarmed Combat
 27140 | Spider:1 | You fall into a shaft and drop 1 floor!
 27547 | Spider:2 | Found a transporter.
 27550 | Spider:2 | Noticed Aviun's ghost (adept SpEn)
 27551 | Spider:2 | Found a transporter.
 27689 | Spider:2 | Reached XP level 16. HP: 125/148 MP: 18/18
 29697 | Spider:3 | Got an opalescent robe
 29751 | Spider:3 | Reached skill level 19 in Unarmed Combat
 29928 | Spider:3 | Identified the +1 robe of the Lute {rCorr} (You found it on
                  | level 3 of the Spider Nest)
 30322 | Spider:3 | Noticed Arachne
 30391 | Spider:3 | Killed Arachne
 30581 | Spider:3 | Noticed Agnes
 30586 | Spider:3 | Killed Agnes
 31484 | Spider:4 | Entered Level 4 of the Spider Nest
 31492 | Spider:4 | Reached skill level 10 in Shields
 31721 | Spider:4 | Reached XP level 17. HP: 120/158 MP: 19/19
 31993 | Spider:4 | Acquired 1017 gold pieces
 32239 | Spider:4 | Reached skill level 10 in Dodging
 33398 | Spider:4 | Got a gossamer rune of Zot
 33959 | Shoals:1 | Entered Level 1 of the Shoals
 34592 | Shoals:2 | Found Tunno's Gadget Shop.
 35038 | Shoals:2 | Noticed Polyphemus
 35047 | Shoals:2 | Killed Polyphemus
 35150 | Shoals:2 | Reached skill level 20 in Unarmed Combat
 35480 | Shoals:3 | Reached skill level 10 in Throwing
 36629 | Shoals:3 | Identified the Handbook of the Lethal Rocks
 36984 | Shoals:4 | Entered Level 4 of the Shoals
 37005 | Shoals:4 | Reached XP level 18. HP: 122/169 MP: 20/20
 37011 | Shoals:4 | Reached skill level 5 in Evocations
 37024 | Shoals:4 | Found a frozen archway.
 37027 | Shoals:4 | Noticed Kirke
 37062 | Shoals:4 | Killed Kirke
 37069 | Shoals:4 | Hit by a javelin thrown by a merfolk javelineer

Illustrated notes

Levels and vault maps discovered:
D:1:      dpeg_arrival_leaves_temple_mockup, layout_basic,
          evilmike_ruin_ashenzari
D:2:      layout_basic, minmay_cupped, uniq_sigmund
D:3:      layout_rooms
D:4:      layout_basic, uniq_blork_the_orc, uniq_grinder
D:5:      layout_gridville, lightli_church_of_beogh
D:6:      layout_basic, kb_xom_exploding_sheep, uniq_eustachio
D:7:      layout_gridville, minmay_temple_entry_mini_moons,
          biasface_ghost_orc_armoury, serial_shops, shop, uniq_joseph
D:8:      layout_basic, dpeg_oklobed_lair, grunt_dithmenos_smoke_and_mirrors
D:9:      layout_loops_corners, nicolae_gozag_cash_rules_everything_around_me,
          erik_orc_4
D:10:     layout_irregular_city, nemelex_diamond_rough_becter, uniq_maggie
D:11:     layout_roguey, gauntlet_entry_generic, serial_shops,
          nicolae_shop_statue_plus, kb_rosetta
D:12:     layout_gridville, serial_shops, shop
D:13:     layout_small_grid, lightli_vaults_fourway_checkpoint,
          trove_entry_hex_spiral, serial_shops, shop_fountains,
          lemuel_angel_altar
D:14:     layout_stronghold, serial_park_square1 [serial_park_minivault_5x5_2]
D:15:     gammafunk_enter_depths_forms, layout_basic, minmay_misc_feat_pillars,
          minmay_sticks_and_stones
Temple:   nicolae_temple_the_god_donut
Lair:1:   layout_misc_corridors
Lair:2:   layout_regular_city, serial_bayou_pond_d, st_stairs_6,
          hibernation_bobbens, grunt_megastairs_1
Lair:3:   layout_regular_city, infiniplex_staircase_pool,
          minmay_lair_oklob_chamber
Lair:4:   layout_roguey, minmay_shoals_entry_beasts, spider_nest_entry_web_field
Lair:5:   layout_cave_shapes, special_room [special_room_bee],
          kennysheep_abandoned_house, grunt_megastairs_2
Lair:6:   guppyfry_lair_end_dragon, layout_misc_corridors, slime_dummy,
          chequers_serial_rivers_large_b, uniq_josephine
Shoals:1: layout_shoals
Shoals:2: layout_shoals, serial_shops, shop, uniq_polyphemus
Shoals:3: layout_shoals, st_sunken_temple
Shoals:4: shoals_end_grunt_ice, layout_shoals,
          portal_ice_cave_entry_ice_statue_two, uniq_kirke
Spider:1: nicolae_spider_mines_1, hangedman_spider_tarantella_strand
Spider:2: layout_chambers, gammafunk_ghost_arena
Spider:3: layout_chambers, einodemon_crawler_minivault, uniq_agnes, uniq_arachne
Spider:4: guppyfry_spider_rune, guppyfry_spider_mini_3
Orc:1:    layout_diamond_mine
Orc:2:    st_orc_open, layout_diamond_mine, serial_shops, shop, shop,
          nicolae_shop_window_shopping, shop, nicolae_shop_stone

Skill      XL: |  1  2  3  4  5  6  7  8  9 10 11 12 13 14 15 16 17 18 |
---------------+-------------------------------------------------------+-----
Fighting       | 3 4 5 6 7 8 9 10 11 12 13 | 13.7
Dodging        | 3 4 5 6 7 8 9 10 | 10.2
Unarmed Combat | 4 5 6 7 8 10 12 13 14 16 18 19 20 | 20.2
Armour         | 2 3 |  3.5
Throwing       | 2 6 7 9 10 | 10.0
Shields        | 3 5 7 9 10 11 | 11.1
Invocations    | 4 |  4.0
Evocations     | 1 3 4 5 |  5.1
Stealth        | |  1.0

Action                   |  1- 3 |  4- 6 |  7- 9 | 10-12 | 13-15 | 16-18 || total
-------------------------+-------+-------+-------+-------+-------+-------++-------
Melee: Unarmed           |    81 |   129 |   305 |   592 |  1206 |   958 ||  3271
       Punch             |       |     3 |    13 |    46 |       |       ||    62
Throw: Dart              |       |       |     4 |     2 |     2 |       ||     8
       Boomerang         |       |       |       |     5 |       |       ||     5
       Large rock        |       |       |       |     7 |    15 |    42 ||    64
       Javelin           |       |       |       |       |    12 |       ||    12
Invok: Recall Ancestor   |       |       |     1 |     2 |     3 |     1 ||     7
       Ancestor Life: He |       |       |     1 |       |       |       ||     1
       Ancestor Identity |       |       |     1 |       |       |       ||     1
       Idealise          |       |       |       |     1 |     1 |       ||     2
       Transference      |       |       |       |       |     1 |       ||     1
Evoke: Wand              |       |       |       |     8 |       |       ||     8
  Use: Scroll            |       |    11 |     3 |    12 |    21 |    14 ||    61
       Potion            |       |       |       |     1 |     2 |    10 ||    13
 Stab: Sleeping          |     1 |     5 |     1 |     6 |     3 |     1 ||    17
       Distracted        |       |       |     2 |     5 |    12 |     6 ||    25
       Confused          |       |       |     1 |     6 |    13 |     3 ||    23
       Paralysed         |       |       |       |       |    15 |    18 ||    33
       Held in net/web   |       |       |       |       |       |     1 ||     1
       Petrified         |       |       |       |       |       |     5 ||     5
Armor: Robe              |    17 |    41 |    62 |    41 |       |       ||   161
       Steam dragon scal |       |       |       |    69 |   270 |   177 ||   516
Dodge: Dodged            |    34 |    86 |   158 |   417 |   533 |   353 ||  1581
Block: Tower shield      |       |       |       |    25 |  1032 |   998 ||  2055
       Reflection        |       |       |       |       |    18 |    60 ||    78

Table legend: (Time is in decaauts)
 A = Elapsed time spent in this place.
 B = Non-inter-level travel time spent in this place.
 C = Inter-level travel time spent in this place.
 D = Time resting spent in this place.
 E = Time spent auto-exploring this place.
 F = Levels seen in this place.
 G = Mean time per level.
                   A        B        C        D        E       F      G
               +--------+--------+--------+--------+--------+-----+--------+
         Total |  36801 |  35094 |   1707 |   8247 |  18046 |  34 | 1082.4 |
       Dungeon |  14894 |  14067 |    827 |   2109 |   8955 |  15 |  992.9 |
        Temple |    181 |    171 |     10 |      0 |      0 |   1 |  181.0 |
          Lair |   7836 |   7492 |    344 |   2353 |   3479 |   6 | 1306.0 |
        Shoals |   3311 |   3197 |    114 |    796 |   1420 |   4 |  827.8 |
   Spider Nest |   6937 |   6678 |    259 |   1626 |   3216 |   4 | 1734.2 |
  Orcish Mines |   2786 |   2636 |    150 |    932 |    973 |   2 | 1393.0 |
         Trove |    272 |    272 |      0 |    154 |      0 |   1 |  272.0 |
      Gauntlet |    580 |    580 |      0 |    277 |      1 |   1 |  580.0 |
               +--------+--------+--------+--------+--------+-----+--------+

Top non-repeatable levels by time:
  Lair:4: 2201 daAuts
Spider:3: 2130 daAuts
Spider:4: 1969 daAuts
Spider:2: 1656 daAuts
   Orc:1: 1628 daAuts
Shoals:3: 1594 daAuts
  Lair:5: 1361 daAuts
    D:14: 1289 daAuts
  Lair:6: 1262 daAuts
     D:5: 1250 daAuts
     D:9: 1211 daAuts
    D:13: 1209 daAuts
Spider:1: 1181 daAuts
   Orc:2: 1157 daAuts
  Lair:3: 1134 daAuts
